 Dungeon Crawl Stone Soup version 0.18-a0-1293-g5a2c81a (webtiles) character file.

111 Tomstefer the Slasher (level 4, -4/38 HPs)
             Began as a Minotaur Gladiator on Feb 10, 2016.
             Slain by Grinder (5 damage)
             ... while paralysed by Grinder
             ... on level 3 of the Dungeon.
             The game lasted 00:05:07 (2585 turns).

Tomstefer the Slasher (Minotaur Gladiator)          Turns: 2585, Time: 00:05:07

Health: -4/38      AC:  6    Str: 20    XL:     4   Next: 62%
Magic:  3/3        EV:  2    Int:  5    God:
Gold:   66         SH:  0    Dex: 11    Spells: 0 memorised, 3 levels left

rFire  + . .     SeeInvis .     n - +1 short sword (venom)
rCold  x . .     Gourm    .     q - +0 ring mail
rNeg   . . .     Faith    .     (no shield)
rPois  .         Spirit   .     c - +0 hat
rElec  .         Dismiss  .     (no cloak)
rCorr  .         Reflect  .     i - +0 pair of gloves
SustAt .         Harm     .     (no boots)
MR     .....                    (no amulet)
Stlth  +.........               (no ring)
                                j - ring of fire

@: paralysed, not resistant to hostile enchantments, very unstealthy
A: retaliatory headbutt, horns 2
a: no special abilities


You were on level 3 of the Dungeon.
You were not hungry.

You visited 1 branch of the dungeon, and saw 3 of its levels.

You collected 66 gold pieces.

Inventory:

Hand Weapons
 a - a +0 long sword
 n - a +1 short sword of venom (weapon)
Missiles
 d - 3 throwing nets (quivered)
Armour
 b - a +0 leather armour
 c - a +0 hat (worn)
 i - a +0 pair of gloves (worn)
 q - a +0 ring mail (worn)
Jewellery
 j - a ring of fire (left hand)
Scrolls
 l - a scroll of enchant weapon
Potions
 e - a potion of ambrosia {unknown}
 k - a potion of flight {unknown}
 o - a potion of curing {unknown}
 p - a potion of agility {unknown}
 s - a potion of might {unknown}
Comestibles
 f - 2 bread rations
 g - a meat ration
 h - 2 chunks of flesh
 m - a beef jerky


   Skills:
 + Level 3.4 Fighting
 * Level 6.0 Long Blades
 - Level 2.0 Throwing
 - Level 3.2 Dodging


You had 3 spell levels left.
You didn't know any spells.

Dungeon Overview and Level Annotations

Branches:
Dungeon (3/15)

Altars:
Kikubaaqudgha

Annotations:
D:3 Grinder


Innate Abilities, Weirdness & Mutations

You reflexively headbutt those who attack you in melee.
You have a pair of horns on your head.


Message History

* * * LOW HITPOINT WARNING * * *
You barely miss the hobgoblin. Your headbutt misses the hobgoblin.
The hobgoblin completely misses you.
You hit the hobgoblin.
The hobgoblin is poisoned.
Your headbutt misses the hobgoblin.
The hobgoblin is severely wounded.
You kill the hobgoblin!
Grinder gestures at you. Pain shoots through your body!
* * * LOW HITPOINT WARNING * * *
Found a scroll labeled ZIYM IJUHOTZU and a scroll of recharging.
You see here a hobgoblin corpse.
Things that are here:
a club; an adder corpse You hit Grinder but do no damage.
Grinder is severely wounded.
Grinder gestures at you.
You suddenly lose the ability to move!
Grinder hits you.
You die...

#.......? #........
#......?. #........
####........
#........... #†#
#.# #@#######
###5.......
#....###### #.
#..).)..... #.
#......#### #.#
#........+ #.#
#........# ##.##
###........####...#
#.............#...#


You could see Grinder.

Vanquished Creatures
  4 adders
  An ooze (D:1)
  A worm (D:2)
  A giant gecko (D:2)
  5 bats
  3 giant cockroaches
  9 goblins
  9 hobgoblins
  13 jackals
  5 kobolds
  A quokka (D:3)
  2 giant newts (D:1)
  7 rats
61 creatures vanquished.

Notes
Turn   | Place    | Note
--------------------------------------------------------------
     0 | D:1      | Tomstefer the Minotaur Gladiator began the quest for the Orb.
     0 | D:1      | Reached XP level 1. HP: 18/18 MP: 0/0
    76 | D:1      | Reached skill level 4 in Long Blades
    93 | D:1      | Reached XP level 2. HP: 23/25 MP: 1/1
   660 | D:1      | Reached XP level 3. HP: 12/30 MP: 2/2
   940 | D:1      | Reached skill level 5 in Long Blades
  1579 | D:2      | Found an ancient bone altar of Kikubaaqudgha.
  2033 | D:2      | Reached XP level 4. HP: 35/38 MP: 3/3
  2562 | D:3      | Noticed Grinder
  2569 | D:3      | Reached skill level 6 in Long Blades
  2581 | D:3      | HP: 1/38 [Grinder/nerve-wracking pain (8)]
  2584 | D:3      | Paralysed by Grinder for 2 turns
  2585 | D:3      | Slain by Grinder

Vault maps used:
D:1:      matt_arrival_spirals, kennysheep_flooded_box
D:2:      old_standard_altar
D:3:      first_bread, serial_co_window_serial, co_window_corner_a,
          co_window_paths_a, co_window_paths_a, co_window_corner_a,
          co_window_paths_a, co_window_of_opportunity_a, co_window_corner_a,
          co_window_of_opportunity_b, co_window_paths_c, co_window_2corner,
          co_window_unsneaky_path_c, grunt_decor_resistance, uniq_grinder

Action                   |  1- 3 |  4- 6 || total
-------------------------+-------+-------++-------
Melee: Long sword        |    49 |       ||    49
       Short sword       |    43 |    37 ||    80
  Use: Scroll            |       |     4 ||     4
  Eat: Chunk             |     3 |     2 ||     5
